 Dungeon Crawl Stone Soup version 0.20.1-1-g8b1a95d (webtiles) character file.

4804 Neverdies the Fencer (level 10, -12/77 HPs)
             Began as a Minotaur Fighter on Sept 10, 2017.
             Was an Elder of Okawaru.
             Mangled by Gastronok (28 damage)
             ... on level 8 of the Dungeon.
             The game lasted 00:15:33 (6397 turns).

Neverdies the Fencer (Minotaur Fighter)             Turns: 6397, Time: 00:15:33

Health: -12/77     AC: 14    Str: 22    XL:     10   Next: 24%
Magic:  9/9        EV:  6    Int:  7    God:    Okawaru [****..]
Gold:   176        SH: 11    Dex: 12    Spells: 9/9 levels left

rFire    . . .     SeeInvis .   J - +1 falchion of Laceration {freeze, rPois Int+2}
rCold    . . .     Gourm    .   c - +0 shield
rNeg     . . .     Faith    .   O - +2 chain mail {MR+}
rPois    +         Spirit   .   (helmet restricted)
rElec    .         Reflect  .   K - scarf {repulsion}
rCorr    .         Harm     .   p - +1 pair of gloves
MR       +....                  A - +0 pair of boots
Stlth    ..........             (no amulet)
Regen    0.3/turn               (no ring)
MPRegen  0.2/turn               (no ring)

@: repel missiles
A: retaliatory headbutt, horns 2
a: Heroism, Renounce Religion


You were on level 8 of the Dungeon.
You worshipped Okawaru.
Okawaru was greatly pleased with you.
You were near starving.

You visited 2 branches of the dungeon, and saw 9 of its levels.
You also visited: Sewer.

You collected 555 gold pieces.
You spent 379 gold pieces at shops.

Inventory:

Hand Weapons
 a - a +0 long sword
 J - the +1 falchion of Laceration (weapon) {freeze, rPois Int+2}
   (You found it on level 5 of the Dungeon)

   It has been specially enchanted to freeze those struck by it, causing extra
   injury to most foes and up to half again as much damage against particularly
   susceptible opponents.
   It can also slow down cold-blooded creatures.
   It affects your intelligence (+2).
   It protects you from poison.
Armour
 b - a +0 scale mail
 c - a +0 shield (worn)
 p - a +1 pair of gloves (worn)
 A - a +0 pair of boots (worn)
 C - a +0 cloak
 K - a scarf of repulsion (worn)
 O - a +2 chain mail of magic resistance (worn)
Jewellery
 k - an uncursed ring of teleportation
 N - an uncursed ring of stealth {unknown}
 P - an uncursed ring of magical power {unknown}
 R - a +2 ring of protection {unknown}
Wands
 E - a wand of polymorph (11/24)
Scrolls
 m - 2 scrolls of magic mapping {unknown}
 n - 3 scrolls of amnesia {unknown}
 o - 2 scrolls of enchant weapon {unknown}
 q - 10 scrolls of identify
 s - 9 scrolls of teleportation
 u - 3 scrolls of fear {unknown}
 v - 2 scrolls of noise {unknown}
 w - a scroll of recharging {unknown}
 x - a scroll of random uselessness {unknown}
 y - 3 scrolls of remove curse
 B - 3 scrolls of enchant armour
 F - 2 scrolls of immolation {unknown}
 H - a scroll of blinking {unknown}
Potions
 d - a potion of might
 e - a potion of brilliance {unknown}
 h - 2 potions of cancellation {unknown}
 i - 2 potions of heal wounds
 j - a potion of mutation {unknown}
 l - 4 potions of curing
 t - a potion of haste {unknown}
 z - 3 potions of berserk rage {unknown}
 D - 3 potions of agility {unknown}
 G - 3 potions of invisibility {unknown}
 I - a potion of lignification {unknown}
 L - a potion of degeneration {unknown}
 M - a potion of magic {unknown}
Books
 Q - a book of Cantrips

   Spells                             Type                      Level
   a - Confusing Touch                Hexes                        1
   b - Animate Skeleton               Necromancy                   1
   c - Summon Small Mammal            Summoning                    1
   d - Apportation                    Translocation                1
Comestibles
 f - 9 bread rations
 g - 2 meat rations
 r - 3 royal jellies


   Skills:
 - Level 3.6 Fighting
 - Level 16.1 Long Blades
 - Level 3.6 Armour
 * Level 6.6 Shields


You had 9 spell levels left.
You didn't know any spells.

Dungeon Overview and Level Annotations

Branches:
Dungeon (8/15)             Temple (1/1) D:5
   Lair: D:8-11

Altars:
Ashenzari
Cheibriados
Dithmenos
Elyvilon
Gozag
Hepliaklqana
Kikubaaqudgha
Makhleb
Nemelex Xobeh
Okawaru
Qazlal
Ru
Sif Muna
Trog
Yredelemnul
Zin
The Shining One

Shops:
D:6 ***:*   D:7 (?(}

Annotations:
D:5 Ecumenical
D:6 shops
D:7 Acquirement and shops
D:8 Gastronok


Innate Abilities, Weirdness & Mutations

You reflexively headbutt those who attack you in melee.
You have a pair of horns on your head.


Message History

You hit Gastronok but do no damage. You headbutt Gastronok!
Gastronok is heavily wounded.
The rat bites you but does no damage.
You slash Gastronok! You freeze Gastronok.
Gastronok is heavily wounded.
You block the quokka's attack.
You hit Gastronok. You freeze Gastronok.
Gastronok is heavily wounded.
You block the rat's attack. The quokka barely misses you. Gastronok bites you!!
* * * LOW HITPOINT WARNING * * *
You hit Gastronok. You freeze Gastronok. You headbutt Gastronok.
Gastronok is heavily wounded.
You block the quokka's attack. The rat bites you but does no damage.
You slash Gastronok! You freeze Gastronok. You headbutt Gastronok!
Gastronok is severely wounded.
The quokka bites you but does no damage.
You hit Gastronok but do no damage. You headbutt Gastronok.
Gastronok is severely wounded.
You block the rat's attack. Gastronok bites you!!
You die...

#
#.#######
#.......#
#......<#
##..###.#
#..
#.####+###
#..
#..#..rr.#
+..
+..'..@w.+
###
#+########


You could see Gastronok, a quokka and a rat.

Vanquished Creatures
  4 centaur zombies (D:7)
  2 hellwings (D:7)
  The ghost of Zyrax the Geomancer, a novice GrEE of Vehumet (D:5)
  A meliai zombie (D:7)
  A wyvern (D:5)
  A yak (D:5)
  Menkaure (D:6)
  An ice beast (D:6)
  2 ogres
  5 centaurs
  A crocodile (Sewer)
  3 bullfrogs
  2 scorpions
  3 crimson imps
  2 orc priests
  A jelly (D:5)
  A bullfrog skeleton (D:5)
  2 hounds
  3 orc wizards
  Crazy Yiuf (D:3)
  2 centaur skeletons
  3 iguanas
  Natasha (twice) (D:2)
  Terence (D:2)
  4 worker ants
  A killer bee zombie (D:5)
  A gnoll (D:1)
  3 adders
  5 shadow imps
  An ooze (D:1)
  An adder skeleton (D:4)
  4 worms
  2 dart slugs
  5 leopard geckos
  10 orcs
  11 bats
  12 giant cockroaches
  10 goblins
  3 hobgoblins
  11 jackals
  3 quokkas
  6 frilled lizards
  6 kobolds
  5 rats
150 creatures vanquished.

Notes
Turn   | Place    | Note
-------+----------+-------------------------------------------
     0 | D:1      | Neverdies the Minotaur Fighter began the quest for the Orb.
     0 | D:1      | Reached XP level 1. HP: 19/19 MP: 0/0
    60 | D:1      | Reached skill level 3 in Long Blades
   178 | D:1      | Reached XP level 2. HP: 24/26 MP: 1/1
   333 | D:1      | Reached skill level 4 in Long Blades
   596 | D:1      | Reached XP level 3. HP: 31/31 MP: 2/2
   825 | D:2      | Noticed Terence
   834 | D:2      | Killed Terence
   834 | D:2      | Reached skill level 5 in Long Blades
   857 | D:2      | Reached XP level 4. HP: 22/39 MP: 3/3
  1034 | D:2      | Noticed Natasha
  1042 | D:2      | Killed Natasha
  1108 | D:2      | Reached skill level 6 in Long Blades
  1218 | D:2      | Noticed Natasha
  1233 | D:2      | Killed Natasha
  1233 | D:2      | Reached XP level 5. HP: 45/45 MP: 4/4
  1587 | D:3      | Found a glowing drain.
  1658 | Sewer    | Entered a sewer
  1682 | Sewer    | Noticed a crocodile
  1689 | Sewer    | Killed a crocodile
  1689 | Sewer    | Reached skill level 7 in Long Blades
  1913 | D:3      | Found an opulent altar of Gozag.
  1971 | D:3      | Found a runed door.
  2092 | D:3      | Noticed Crazy Yiuf
  2097 | D:3      | Killed Crazy Yiuf
  2097 | D:3      | Reached XP level 6. HP: 51/51 MP: 5/5
  2582 | D:4      | Reached skill level 8 in Long Blades
  2597 | D:4      | Found an ancient bone altar of Kikubaaqudgha.
  2622 | D:4      | Found a stormy altar of Qazlal.
  2892 | D:4      | Reached skill level 9 in Long Blades
  3034 | D:4      | Reached XP level 7. HP: 23/57 MP: 6/6
  3370 | D:5      | Entered Level 5 of the Dungeon
  3478 | D:5      | Got a smoking falchion
  3479 | D:5      | Identified the +1 falchion of Laceration {freeze, rPois Int+2} (You found it on level 5 of the Dungeon)
  3574 | D:5      | Found a staircase to the Ecumenical Temple.
  3575 | D:5      | Found a burning altar of Makhleb.
  3575 | D:5      | Found a sparkling altar of Nemelex Xobeh.
  3586 | Temple   | Entered the Ecumenical Temple
  3593 | Temple   | Became a worshipper of Warmaster Okawaru
  3674 | D:5      | Found a deep blue altar of Sif Muna.
  3679 | D:5      | Found a basalt altar of Yredelemnul.
  3861 | D:5      | Noticed Zyrax's ghost (novice GrEE)
  3882 | D:5      | Killed Zyrax's ghost
  3882 | D:5      | Reached * piety under Okawaru
  3882 | D:5      | Reached skill level 10 in Long Blades
  4181 | D:5      | Found a transporter.
  4183 | D:5      | Found a transporter.
  4183 | D:5      | Noticed a yak
  4203 | D:5      | Reached skill level 11 in Long Blades
  4262 | D:5      | Killed a yak
  4262 | D:5      | Reached XP level 8. HP: 26/64 MP: 7/7
  4681 | D:5      | Reached ** piety under Okawaru
  4681 | D:5      | Reached skill level 12 in Long Blades
  4774 | D:6      | Found Cycweih's General Store.
  4778 | D:6      | Bought a scroll of teleportation for 39 gold pieces
  4778 | D:6      | Bought a scroll of teleportation for 39 gold pieces
  4778 | D:6      | Bought a potion of heal wounds for 65 gold pieces
  4941 | D:6      | Found a white marble altar of Elyvilon.
  4959 | D:6      | Reached skill level 13 in Long Blades
  5024 | D:6      | Found Geusomal's General Store.
  5029 | D:6      | Bought a +2 chain mail of magic resistance for 236 gold pieces
  5210 | D:6      | Noticed Menkaure
  5218 | D:6      | Killed Menkaure
  5312 | D:6      | Found Pyeclew's General Store.
  5400 | D:6      | Found Tiaraemi's Book Emporium.
  5591 | D:6      | Found Jiawina's General Store.
  5701 | D:7      | Found Tuziaz's Gadget Boutique.
  5718 | D:7      | Reached XP level 9. HP: 70/70 MP: 8/8
  5728 | D:7      | Noticed a hellwing
  5729 | D:7      | Noticed a hellwing
  5739 | D:7      | Reached *** piety under Okawaru
  5745 | D:7      | Reached skill level 14 in Long Blades
  5752 | D:7      | Killed a hellwing
  5759 | D:7      | Killed a hellwing
  5759 | D:7      | Reached **** piety under Okawaru
  5759 | D:7      | Reached skill level 15 in Long Blades
  5780 | D:7      | Reached skill level 16 in Long Blades
  5783 | D:7      | Reached XP level 10. HP: 38/77 MP: 9/9
  5890 | D:7      | Reached skill level 5 in Shields
  5998 | D:7      | Found Toffam's Weapon Shoppe.
  6046 | D:7      | Found Tiunteg's Magic Scroll Boutique.
  6179 | D:7      | Found a glowing golden altar of the Shining One.
  6230 | D:7      | Found Kemiunes's Antique Weapon Shoppe.
  6379 | D:8      | Noticed Gastronok
  6397 | D:8      | Mangled by Gastronok

Skill      XL: |  1  2  3  4  5  6  7  8  9 10 |
---------------+-------------------------------+-----
Long Blades    | 3 4 5 6 7 9 11 13 16 | 16.1
Shields        | 4 6 |  6.6
Fighting       | |  3.6
Armour         | |  3.6

Action                   |  1- 3 |  4- 6 |  7- 9 | 10-12 || total
-------------------------+-------+-------+-------+-------++-------
Melee: Long sword        |    59 |   138 |     8 |       ||   205
       Headbutt          |     8 |    19 |    45 |    18 ||    90
       Unarmed           |       |     8 |       |       ||     8
       Falchion          |       |       |   210 |    61 ||   271
Invok: Heroism           |       |       |     1 |       ||     1
  Use: Scroll            |     3 |       |     1 |       ||     4
       Potion            |       |     1 |     1 |       ||     2
  Eat: Chunk             |       |     2 |     5 |       ||     7
       Bread ration      |       |     1 |     1 |       ||     2
Armor: Scale mail        |    43 |    61 |    45 |       ||   149
       Skin              |       |     2 |       |       ||     2
       Chain mail        |       |       |    65 |    19 ||    84
Dodge: Dodged            |    23 |    47 |    61 |     9 ||   140
       Deflected         |       |       |     6 |     1 ||     7
Block: Shield            |    42 |    44 |    83 |    25 ||   194
       Rpst.: Long sword |     6 |    11 |       |       ||    17
       Falchion          |       |       |    10 |     2 ||    12
